Map: Turbo Cruise '84 LE

Players

pHARM - Winner!

  • Race: Zerg Zerg
  • League: Platinum
  • Spawn Location: 7:00

Daikataro

  • Race: Protoss Protoss
  • League: Platinum
  • Spawn Location: 3:00

VOD

Have the link to the VOD?

Description

Time

  • Played on: June 29, 2019, 6:06 p.m.
  • Length: 15:12
Show
View Real Time Build Order
Export as new Build Order

pHARM Zerg - Winner!

Build Orders: Pool First, Swarm Host 

Get SALT Encoding   

  12  0:01  Drone  
  13  0:11  Drone  
  14  0:17  Overlord  
  14  0:36  Drone x2  
  16  0:55  Extractor  
  15  0:58  Spawning Pool  
  14  1:12  Hatchery  
  14  1:13  Drone  
  14  1:15  Drone  
  15  1:22  Drone  
  16  1:27  Drone  
  17  1:43  Drone  
  18  1:51  Queen  
  20  1:54  Overlord  
  20  2:20  Hatchery  
  19  2:25  Drone  
  19  2:26  Drone  
  19  2:28  Drone  
  22  2:40  Metabolic Boost  
  22  2:45  Drone x2  
  22  2:47  Drone  
  22  2:50  Drone  
  26  2:53  Drone  
  27  3:04  Drone x3  
  30  3:06  Drone  
  31  3:18  Drone  
  31  3:19  Drone x3  
  35  3:24  Overlord  
  35  3:31  Overlord  
  32  3:51  Queen x2  
  33  4:03  Drone x5  
  38  4:12  Spore Crawler  
  37  4:17  Spore Crawler  
  37  4:20  Spore Crawler  
  37  4:23  Drone x3  
  37  4:24  Drone  
  39  4:26  Drone  
  39  4:27  Drone  
  41  4:34  Drone x2  
  43  4:43  Lair  
  43  5:08  Drone x5  
  43  5:09  Drone x2  
  50  5:18  Overlord x2  
  50  5:23  Extractor  
  50  5:26  Extractor  
  49  5:50  Zergling x24  
  60  6:01  Pneumatized Carapace  
  60  6:04  Overlord x2  
  60  6:12  Overlord x3  
  60  6:13  Infestation Pit  
  59  6:33  Queen x2, Extractor  
  62  6:44  Queen  
  61  7:03  Swarm Host  
  61  7:04  Swarm Host x8  
  79  7:26  Swarm Host  
  79  7:27  Swarm Host  
  85  7:30  Extractor  
  85  7:31  Extractor  
  85  7:36  Drone  
  85  7:37  Drone x6  
  90  7:50  Nydus Network, Swarm Host  
  92  7:52  Overlord x3  
  92  7:53  Swarm Host  
  95  8:10  Drone x10  
  105  8:17  Swarm Host  
  108  8:23  Swarm Host x2  
  108  8:27  Hatchery  
  97  8:47  Drone x10  
  97  8:48  Drone x2  
  107  9:02  Queen x3  
  106  9:21  Nydus Canal  
  104  9:37  Queen x3  
  110  9:58  Nydus Canal  
  110  10:03  Swarm Host x6  
  110  10:06  Overlord x3  
  128  10:22  Overlord x3  
  128  10:43  Swarm Host x13  
  128  10:47  Nydus Canal  
  167  10:58  Overlord x3  
  167  11:00  Drone  
  168  11:31  Nydus Canal  
  168  11:32  Swarm Host x8  
  192  12:10  Nydus Canal  
  189  12:18  Swarm Host x2  
  192  12:25  Spire  
  191  12:48  Nydus Canal  
  191  12:57  Overlord x2  
  191  13:09  Nydus Canal  
  191  13:18  Nydus Canal  
  191  13:25  Nydus Canal  
  191  13:39  Corruptor  
  191  13:40  Corruptor x3  
  199  13:46  Nydus Canal  
  199  14:21  Nydus Canal  
Show
View Real Time Build Order
Export as new Build Order

Daikataro Protoss 

Build Orders: Oracle Opening 

Get SALT Encoding   

  12  0:01  Probe  
  13  0:13  Probe  
  14  0:20  Pylon  
  14  0:25  Probe  
  15  0:35  Probe  
  16  0:43  Probe  
  16  0:45  Gateway  
  17  0:53  Assimilator  
  17  0:58  Pylon  
  17  1:01  Probe  
  18  1:09  Probe  
  18  1:17  Probe  
  20  1:27  Probe  
  21  1:33  Cybernetics Core  
  21  1:34  Pylon  
  21  1:39  Probe  
  22  1:43  Assimilator  
  22  1:52  Zealot  
  24  1:55  Pylon  
  24  2:10  Forge  
  24  2:16  Stargate  
  24  2:27  Probe  
  24  2:36  Probe  
  25  2:38  Warp Gate  
  26  2:45  Probe  
  27  2:52  Oracle  
  27  2:55  Nexus  
  27  3:05  Probe  
  31  3:15  Stalker  
  31  3:17  Probe  
  34  3:29  Probe  
  35  3:37  Oracle  
  38  3:44  Probe  
  39  4:01  Pylon  
  39  4:06  Probe  
  39  4:07  Probe  
  39  4:08  Pylon  
  40  4:14  Assimilator, Phoenix  
  40  4:15  Probe  
  43  4:18  Probe  
  45  4:31  Probe  
  46  4:32  Probe  
  46  4:35  Stalker, Protoss Ground Weapons Level 1  
  49  4:43  Probe  
  49  4:45  Probe  
  51  4:50  Robotics Facility  
  51  4:52  Gateway  
  51  4:53  Probe  
  51  4:55  Probe, Gateway  
  53  5:01  Probe  
  54  5:07  Probe  
  54  5:11  Probe  
  56  5:16  Stalker  
  56  5:19  Probe  
  59  5:23  Probe  
  60  5:31  Probe  
  60  5:32  Nexus  
  61  5:44  Probe  
  61  5:45  Probe  
  61  5:49  Stalker  
  65  5:54  Zealot  
  65  5:55  Zealot  
  69  6:03  Pylon  
  69  6:06  Pylon  
  69  6:07  Probe  
  70  6:11  Pylon  
  70  6:15  Pylon  
  70  6:21  Probe x2  
  70  6:22  Immortal  
  76  6:30  Zealot x3  
  82  6:34  Probe  
  82  6:36  Gateway  
  82  6:37  Gateway  
  83  6:40  Gateway  
  83  6:43  Pylon  
  83  6:44  Probe x2  
  83  6:46  Probe  
  86  6:56  Probe x2  
  86  6:57  Zealot x3  
  86  6:58  Probe  
  90  7:04  Probe  
  90  7:05  Immortal  
  89  7:08  Probe  
  89  7:10  Probe  
  89  7:12  Probe  
  95  7:18  Probe  
  95  7:21  Photon Cannon  
  95  7:22  Probe x2  
  98  7:25  Photon Cannon  
  98  7:26  Probe  
  98  7:29  Shield Battery  
  99  7:32  Pylon  
  99  7:34  Probe  
  99  7:35  Probe x2, Assimilator  
  103  7:46  Probe  
  103  7:47  Probe x2  
  103  7:49  Zealot x4  
  103  7:50  Zealot  
  116  7:59  Probe  
  116  8:00  Probe x2  
  119  8:11  Probe  
  119  8:12  Probe x2, Shield Battery  
  122  8:24  Probe  
  122  8:26  Protoss Ground Armor Level 1  
  123  8:34  Twilight Council  
  123  8:36  Forge  
  123  8:40  Void Ray  
  105  8:50  Stargate  
  106  8:56  Observer  
  106  8:57  Zealot, Stalker x2  
  106  8:58  Stalker x2  
  106  8:59  Stalker  
  118  9:12  Probe  
  118  9:13  Probe  
  120  9:30  Probe x3  
  123  9:40  Stalker, Zealot x2  
  123  9:41  Zealot x2  
  133  9:47  Probe  
  118  10:11  Probe  
  118  10:12  Probe x2  
  121  10:23  Probe  
  121  10:24  Zealot x4  
  125  10:37  Sentry x2  
  129  10:50  Probe  
  129  10:51  Probe x2  
  132  11:03  Probe, Assimilator  
  133  11:05  Assimilator  
  133  11:15  Probe  
  133  11:16  Probe  
  133  11:17  Probe  
  120  11:28  Probe x2  
  120  11:29  Probe  
  123  11:38  Pylon  
  123  11:40  Probe x2  
  125  11:56  Probe x2  
  125  11:58  Pylon  
  125  12:00  Nexus, Pylon  
  118  12:28  Void Ray  
  118  12:34  Pylon  
  116  12:37  Pylon  
  116  12:40  Pylon  
  112  12:51  Nexus  
  98  12:59  Probe x2  
  98  13:00  Stalker  
  98  13:01  Zealot  
  98  13:03  Zealot x3  
  110  13:11  Probe x2  
  92  13:35  Probe  
  92  13:38  Probe  
  92  13:57  Pylon  
  92  13:58  Pylon  
  92  14:02  Probe  
  93  14:12  Pylon  
  93  14:15  Probe x3, Pylon x2  
  95  14:18  Pylon  
  95  14:23  Probe  
  96  14:27  Probe x2  
  99  14:33  Probe  
  100  14:39  Probe x2  
  92  14:51  Probe x2  
Tags
 
Add a new tag
Caveats
  • Supply blocks, unpowered buildings, or Contaminate may cause inaccurate times.
  • Supply counts are checked every 10 seconds.